 Dungeon Crawl Stone Soup version 0.17-a0-1176-g3d5a0d0 (console) character file.

609 Monkaria the Slasher (level 7, 0/56 HPs)
             Began as a Demonspawn Chaos Knight on May 30, 2015.
             Slain by a centaur (9 damage)
             ... on level 5 of the Dungeon.
             The game lasted 00:05:16 (3231 turns).

Monkaria the Slasher (Demonspawn Chaos Knight)      Turns: 3231, Time: 00:05:16

Health: 0/56       AC:  5    Str: 15    XL:     7   Next: 19%
Magic:  7/7        EV: 11    Int: 13    God:    Xom [.....*]
Gold:   210        SH:  0    Dex: 12    Spells: 0 memorised, 6 levels left

rFire  . . .     SeeInvis .     a - +0 falchion (chaos)
rCold  + . .     Clarity  .     b - +2 leather armour
rNeg   + . .     SustAt   .     (no shield)
rPois  .         Gourm    .     (no helmet)
rElec  .         Spirit   .     (no cloak)
rCorr  .         Warding  +     (no gloves)
rMut   .         Stasis   .     f - +0 pair of boots
MR     .....                    d - amulet of warding
Stlth  +.........               (no ring)
                                (no ring)

@: very slightly contaminated, hasted, very quick, not resistant to hostile
enchantments, very unstealthy
A: cold resistance 1, deformed body, demonic guardian 1, deterioration 1, foul
stench 1, rot immunity, MP-powered wands
a: Renounce Religion


You were on level 5 of the Dungeon.
You worshipped Xom.
You were Xom's teddy bear.
You were not hungry.

You visited 2 branches of the dungeon, and saw 6 of its levels.

You collected 210 gold pieces.

Inventory:

Hand weapons
 a - a +0 falchion of chaos (weapon)
Missiles
 u - 27 poisoned needles
Armour
 b - a +2 leather armour (worn)
 f - a +0 pair of boots (worn)
Jewellery
 d - an amulet of warding (around neck)
 w - an uncursed ring of protection from fire {unknown}
Scrolls
 e - a scroll of random uselessness {unknown}
 h - a scroll of magic mapping {unknown}
 j - 2 scrolls of identify {unknown}
 q - a scroll of teleportation {unknown}
 r - a scroll of remove curse {unknown}
 s - a scroll of immolation {unknown}
 t - a scroll of fog {unknown}
 x - a scroll of enchant armour {unknown}
 y - a scroll of torment {unknown}
Potions
 g - 2 potions of poison {unknown}
 i - a potion of agility {unknown}
 k - 4 potions of heal wounds {unknown}
 l - a potion of cancellation {unknown}
 m - 4 potions of lignification {unknown}
 o - a potion of flight {unknown}
 p - a potion of might {unknown}
Books
 n - a book of Ice

   Spells                             Type                      Level
   a - Ice Form                       Ice/Transmutation            4
   b - Metabolic Englaciation         Hexes/Ice                    5
   c - Ozocubu's Refrigeration        Ice                          6
   d - Bolt of Cold                   Conjuration/Ice              6
   e - Freezing Cloud                 Conjuration/Ice/Air          6
   f - Simulacrum                     Ice/Necromancy               6
Comestibles
 c - 3 bread rations
 v - a chunk of flesh


   Skills:
 - Level 5.1 Fighting
 + Level 6.0 Long Blades
 - Level 3.2 Armour
 - Level 0.8 Dodging


You had 6 spell levels left.
You didn't know any spells.

Dungeon Overview and Level Annotations

Branches:
Dungeon (5/15)             Temple (1/1) D:4

Altars:
Ashenzari
Cheibriados
Dithmenos
Elyvilon
Fedhas
Gozag
Kikubaaqudgha
Makhleb
Nemelex Xobeh
Okawaru
Qazlal
Ru
Sif Muna
Trog
Vehumet
Xom
Yredelemnul
Zin
The Shining One

Shops:
D:5 ?


Innate Abilities, Weirdness & Mutations

A weak demonic guardian rushes to your aid.
You may emit foul miasma when damaged in melee.
You are immune to rotting.
Your flesh is cold resistant.
Armour fits poorly on your strangely shaped body.
Your body sometimes deteriorates upon taking damage.
You expend magic power (3 MP) to strengthen your wands.


Message History

Your Long Blades skill increases to level 6!
You slash the centaur!
You feel better.
The centaur is moderately wounded.
The centaur hits you.
* * * LOW HITPOINT WARNING * * *
The centaur closely misses you.
You hit the centaur.
The centaur is heavily wounded.
You closely miss the centaur.
The centaur is heavily wounded.
The centaur hits you!
* * * LOW HITPOINT WARNING * * *
You hit the centaur. You freeze the centaur.
The centaur is severely wounded.
The centaur hits you but does no damage.
You hit the centaur. You freeze the centaur.
The centaur is almost dead.
The centaur hits you!
You die... "What!?
That's it?"

######
#.##.########
##.#....#...#
##...####.(.##
.....# ###(.##
# †....#
##.(### .#
###..#
##§§§##..#
#..# ##§§@...#
#..# ##§.c...#
#..# #......#
...#
##>.......
#....∩... ≈≈
....##... ≈#
...## #.. ≈#
.### .. ≈≈


You could see a centaur.

Vanquished Creatures
  Eustachio (D:5)
  2 ogres (D:4)
  A centaur (D:5)
  A crimson imp (D:4)
  A hound zombie (D:3)
  6 adders
  An ooze (D:2)
  2 worms
  A giant gecko (D:3)
  An orc (D:4)
  A bat skeleton (D:4)
  5 giant cockroaches
  10 goblins
  12 hobgoblins
  11 bats
  A giant gecko skeleton (D:4)
  5 giant newts
  A giant newt (shapeshifter) (D:3)
  2 goblin skeletons (D:4)
  3 hobgoblin zombies (D:4)
  5 kobolds
  A kobold zombie (D:4)
  An orc zombie (D:4)
  A quokka (D:5)
  12 rats
88 creatures vanquished.

Vanquished Creatures (collateral kills)
  2 ogres (D:4)
  A centaur skeleton (D:4)
  An adder (D:4)
  2 hobgoblins (D:4)
  A kobold (D:3)
  A goblin (D:4)
8 creatures vanquished.

Vanquished Creatures (others)
  2 crimson imps
  An iron imp (D:5)
  A white imp (D:5)
  An ufetubus (D:4)
5 creatures vanquished.

Grand Total: 101 creatures vanquished

Notes
Turn   | Place    | Note
--------------------------------------------------------------
     0 | D:1      | Monkaria the Demonspawn Chaos Knight began the quest for the Orb.
     0 | D:1      | Reached XP level 1. HP: 18/18 MP: 1/1
   111 | D:1      | XOM: potion effect (heal wounds)
   125 | D:1      | Gained mutation: You are immune to rotting. [demonic ancestry]
   125 | D:1      | Reached XP level 2. HP: 24/24 MP: 2/2
   403 | D:1      | XOM: mild Pois miscast
   595 | D:2      | XOM: 2-stop teleportation journey
   608 | D:2      | Reached skill level 4 in Fighting
   608 | D:2      | Reached XP level 3. HP: 28/30 MP: 3/3
   743 | D:2      | XOM: noise
  1116 | D:3      | Reached XP level 4. HP: 38/38 MP: 4/4
  1238 | D:3      | Reached skill level 5 in Fighting
  1589 | D:3      | Gained mutation: You expend magic power (3 MP) to strengthen your wands. [mutagenic meat]
  1591 | D:3      | Gained mutation: Your flesh is cold resistant. [mutagenic meat]
  1592 | D:3      | XOM: summons 2 hostile demons
  1603 | D:4      | XOM: noise
  1737 | D:4      | XOM: 2-stop teleportation journey
  1868 | D:4      | Found a glowing golden altar of the Shining One.
  1886 | D:4      | XOM: harmless Air miscast
  1912 | D:4      | Reached XP level 5. HP: 32/44 MP: 5/5
  1943 | D:4      | Noticed an ogre
  1945 | D:4      | Found a staircase to the Ecumenical Temple.
  1950 | D:4      | Killed an ogre
  2034 | D:4      | Noticed an ogre
  2038 | D:4      | Killed an ogre
  2098 | D:4      | Gained mutation: A weak demonic guardian rushes to your aid. [demonic ancestry]
  2098 | D:4      | Reached XP level 6. HP: 47/51 MP: 6/6
  2261 | D:4      | Noticed an ogre
  2275 | D:4      | Noticed an ogre
  2282 | D:4      | XOM: medium Ice miscast
  2337 | D:4      | Killed an ogre
  2448 | D:4      | XOM: give mutations
  2448 | D:4      | Gained mutation: Your body sometimes deteriorates upon taking damage. [Xom's mischief]
  2448 | D:4      | Gained mutation: Armour fits poorly on your strangely shaped body. [Xom's mischief]
  2688 | D:3      | XOM: harmless Fire miscast
  2927 | D:4      | Killed an ogre
  2927 | D:4      | Reached skill level 5 in Long Blades
  2931 | Temple   | Entered the Ecumenical Temple
  2938 | Temple   | XOM: mild Fire miscast
  3090 | Temple   | XOM: harmless Ice miscast
  3122 | D:5      | Entered Level 5 of the Dungeon
  3131 | D:5      | Noticed Eustachio
  3137 | D:5      | XOM: mild Hex miscast
  3148 | D:5      | Killed Eustachio
  3148 | D:5      | Gained mutation: You may emit foul miasma when damaged in melee. [demonic ancestry]
  3148 | D:5      | Reached XP level 7. HP: 41/56 MP: 7/7
  3218 | D:5      | Found Ifutaga's Magic Scroll Boutique.
  3222 | D:5      | XOM: potion effect (haste)
  3223 | D:5      | XOM: smoke on damage
  3226 | D:5      | Reached skill level 6 in Long Blades
  3231 | D:5      | Slain by a centaur

Vault maps used:
D:1:      sevenhm_arrival_forest_fort_small_6, hangedman_decor_riveting,
          minmay_misc_feat_more_columns
D:2:      first_bread
D:3:      minmay_misc_feat_four_crosses
D:4:      nicolae_tso_besieged_by_evil, minmay_temple_entry_glass
D:5:      serial_shops, shop, kennysheep_crisscross, lightli_minifort,
          uniq_crazy_yiuf_cottage, uniq_eustachio
Temple:   kilobyte_greek_temple_18

Action                   |  1- 3 |  4- 6 |  7- 9 || total
-------------------------+-------+-------+-------++-------
Melee: Falchion          |   132 |   157 |    11 ||   300
 Stab: Paralysed         |     4 |     3 |       ||     7
       Sleeping          |     1 |       |       ||     1
       Petrifying        |       |     1 |       ||     1
  Eat: Chunk             |     1 |     9 |     1 ||    11
